 Dungeon Crawl Stone Soup version 0.28-a0-1038-g9c4cb8273d (webtiles) character file.

Game seed: 9136022095851926697

613 garbled the Chopper (level 7, -4/37 HPs)
             Began as a Vine Stalker Monk on Dec 8, 2021.
             Was a Believer of Fedhas.
             Slain by a gnoll (8 damage)
             ... on level 5 of the Dungeon.
             The game lasted 00:09:37 (4233 turns).

garbled the Chopper (Vine Stalker Monk)             Turns: 4233, Time: 00:09:38

Health: -4/37      AC:  6    Str: 16    XL:     7   Next: 44%
Magic:  0/12       EV: 11    Int: 10    God:    Fedhas [**....]
Gold:   331        SH:  0    Dex: 16    Spells: 12/12 levels left

rFire   . . .      SeeInvis .   d - +0 hand axe (elec)
rCold   . . .      Faith    .   (no shield)
rNeg    . . .      Spirit   +   l - +0 ring mail
rPois   .          Reflect  .   (no helmet)
rElec   .          Harm     .   v - +0 cloak
rCorr   .          Rampage  .   (no gloves)
Will    .....                   (no boots)
Stlth   ++........              (no amulet)
HPRegen 0.92/turn               (no ring)
MPRegen 0.13/turn               (no ring)

@: lethally poisoned (-4 -> -11)
A: fangs 2, regeneration 1, magic shield, antimagic bite, no potion heal 2
a: Renounce Religion, Wall of Briars


You were on level 5 of the Dungeon.
You worshipped Fedhas.
Fedhas was pleased with you.
You visited 2 branches of the dungeon, and saw 6 of its levels.

You collected 331 gold pieces.

Inventory:

Hand Weapons
 d - a +0 hand axe of electrocution (weapon)
 j - a +0 hunting sling
 m - a +0 hand crossbow
 p - the +7 dagger of Geco {vorpal, rF+ rC+}
   (You found it on level 4 of the Dungeon)

   It inflicts extra damage upon your enemies.
   rF:        It protects you from fire.
   rC:        It protects you from cold.
Missiles
 a - 15 poisoned darts
 e - a throwing net (quivered)
 k - 90 stones
 q - 5 silver javelins
Armour
 l - a +0 ring mail (worn)
 v - a +0 cloak (worn)
Wands
 u - a wand of flame (10)
Scrolls
 b - a scroll of magic mapping {unknown}
 g - a scroll of fog {unknown}
 i - 2 scrolls of vulnerability
 n - 2 scrolls of amnesia {unknown}
 o - 2 scrolls of teleportation {unknown}
Potions
 f - 3 potions of might
 h - a potion of heal wounds {unknown}
 r - a potion of mutation {unknown}
 s - a potion of curing {unknown}
 t - a potion of brilliance {unknown}


   Skills:
 + Level 4.1 Fighting
 * Level 5.3 Axes
 + Level 1.6 Armour
 - Level 2.4 Dodging
 - Level 2.4 Stealth
 + Level 3.2 Spellcasting
 + Level 2.0 Invocations


You had 12 spell levels left.
You didn't know any spells.
Your spell library was empty.

Dungeon Overview and Level Annotations

Branches:
Dungeon (5/15)             Temple (1/1) D:4

Altars:
Ashenzari
Cheibriados
Elyvilon
Fedhas
Gozag
Hepliaklqana
Okawaru
Qazlal
Uskayaw
Xom
The Shining One


Innate Abilities, Weirdness & Mutations

You have extremely sharp teeth.
Your natural rate of healing is unusually fast.
When hurt, damage is shared between your health and your magic reserves.
Your bite disrupts and absorbs the magic of your enemies.
Potions cannot restore your health.


Message History

The water moccasin is lightly wounded.
The water moccasin bites you but does no damage.
The gnoll closely misses you.
You miss the water moccasin.
The water moccasin is lightly wounded.
The water moccasin misses you.
The gnoll hits you from afar with a +0 halberd.
The water moccasin barely misses you.
You hit the water moccasin but do no damage.
Lightning courses through the water moccasin!
The water moccasin is severely wounded.
The water moccasin bites you. The gnoll closely misses you.
You hit the water moccasin. You bite the water moccasin. You drain its power.
You feel invigorated.
The water moccasin is almost dead.
The water moccasin barely misses you.
The gnoll hits you from afar with a +0 halberd!
The water moccasin closely misses you.
You miss the water moccasin. Your bite misses the water moccasin.
The water moccasin is almost dead.
The water moccasin bites you.
The gnoll hits you from afar with a +0 halberd!
You hit the water moccasin. Your bite misses the water moccasin.
The water moccasin is almost dead.
The water moccasin bites you. The gnoll closely misses you.
The water moccasin bites you but does no damage.
You completely miss the water moccasin. Your bite misses the water moccasin.
The water moccasin is almost dead.
The water moccasin barely misses you.
The gnoll hits you from afar with a +0 halberd!
* * * LOW HITPOINT WARNING * * *
You miss the water moccasin. Your bite misses the water moccasin.
The water moccasin is almost dead.
The water moccasin bites you!
* * * LOW HITPOINT WARNING * * *
You are lethally poisoned!
The water moccasin poisons you!
The gnoll hits you from afar with a +0 halberd!
You die...
Fedhas appreciates your contribution to the ecosystem.

##########.# #.# #.#
####.###.# #.# #........#
#.### #........####...#
#........##...#.#
###########.#.#.# ####
#..gg?.......#.#
...#####.########...#.#
......)).....ggS@.>.#.#######
......##'###+####.#.#.......#
......#.........))#.#######.#
.....$#...........#.#.......#
......#...........#<#.####..#
....g.#...........###.#.....#
...g..##.#........#...#.##.##
...g..##.#........#.###.##.#
...g..# +........#...#(##.#


You could see a water moccasin and 2 gnolls.

Vanquished Creatures
  An ogre (D:4)
  A gnoll sergeant (D:5)
  2 bullfrog zombies (D:5)
  2 hounds
  A jelly (D:4)
  Crazy Yiuf (D:5)
  2 orc priests (D:5)
  2 orc wizards (D:5)
  A hound zombie (D:3)
  4 adders
  2 gnolls (D:5)
  4 worms
  3 dart slugs
  7 orcs
  5 bats
  10 endoplasms
  3 giant cockroaches
  8 goblins
  4 hobgoblins
  2 jackals (D:4)
  6 kobolds
  2 quokkas (D:1)
  5 ball pythons
  3 frilled lizards
  A rat (D:1)
82 creatures vanquished.

Notes
Turn   | Place    | Note
-------+----------+-------------------------------------------
     0 | D:1      | garbled the Vine Stalker Monk began the quest for the Orb.
     0 | D:1      | Reached XP level 1. HP: 11/11 MP: 2/2
   248 | D:1      | Reached XP level 2. HP: 16/16 MP: 3/3
   363 | D:1      | Reached skill level 3 in Axes
   802 | D:2      | Reached skill level 1 in Spellcasting
   808 | D:2      | Reached XP level 3. HP: 14/20 MP: 3/5
  1089 | D:2      | Found a faded altar of an unknown god.
  1934 | D:3      | Gained mutation: Your natural rate of healing is unusually
                  | fast. [Vine Stalker growth]
  1934 | D:3      | Reached XP level 4. HP: 24/24 MP: 7/7
  2662 | D:4      | Identified the +7 dagger of Geco {vorpal, rF+ rC+}
  2702 | D:4      | Reached skill level 4 in Axes
  2736 | D:4      | Reached XP level 5. HP: 28/28 MP: 7/9
  2830 | D:4      | Found a staircase to the Ecumenical Temple.
  2837 | Temple   | Entered the Ecumenical Temple
  3048 | Temple   | Became a worshipper of Fedhas Madash
  3048 | Temple   | Reached * piety under Fedhas
  3048 | Temple   | Reached ** piety under Fedhas
  3298 | D:4      | Noticed an ogre
  3311 | D:4      | Killed an ogre
  3312 | D:4      | Reached XP level 6. HP: 23/33 MP: 5/10
  3802 | D:5      | Entered Level 5 of the Dungeon
  3812 | D:5      | Reached skill level 1 in Invocations
  3864 | D:5      | Found a runed translucent door.
  3865 | D:5      | Noticed Crazy Yiuf
  3875 | D:5      | Killed Crazy Yiuf
  3876 | D:5      | Reached skill level 1 in Armour
  4008 | D:5      | Reached skill level 5 in Axes
  4008 | D:5      | Reached XP level 7. HP: 37/37 MP: 10/12
  4233 | D:5      | Slain by a gnoll

Illustrated notes

Levels and vault maps discovered:
D:1:      matt_arrival_los_fun, layout_basic
D:2:      layout_loops_ring, basic_ecumenical_altar, st_stairs_4,
          nicolae_figureground_pulse
D:3:      layout_basic, kennysheep_cross_room, corexii_hall_statues_i
D:4:      layout_basic, minmay_temple_entry_mist
D:5:      layout_basic, uniq_crazy_yiuf_cottage
Temple:   minmay_temple_curvy_loop

Skill      XL: |  1  2  3  4  5  6  7 |
---------------+----------------------+-----
Axes           | 3 4 5 |  5.3
Spellcasting   | 1 2 3 |  3.2
Fighting       | 3 4 |  4.1
Invocations    | 1 2 |  2.0
Armour         | 1 |  1.6
Dodging        | |  2.4
Stealth        | |  2.4

Action                   |  1- 3 |  4- 6 |  7- 9 || total
-------------------------+-------+-------+-------++-------
Melee: Hand axe          |    70 |   107 |    51 ||   228
       Bite              |    16 |    28 |    15 ||    59
  Use: Scroll            |     1 |     1 |       ||     2
 Stab: Sleeping          |     4 |     2 |       ||     6
Armor: Leather armour    |    19 |       |       ||    19
       Ring mail         |     2 |    20 |    17 ||    39
Dodge: Dodged            |    50 |    45 |    29 ||   124

Table legend: (Time is in decaauts)
 A = Elapsed time spent in this place.
 B = Non-inter-level travel time spent in this place.
 C = Inter-level travel time spent in this place.
 D = Time resting spent in this place.
 E = Time spent auto-exploring this place.
 F = Levels seen in this place.
 G = Mean time per level.
                   A        B        C        D        E       F      G
               +--------+--------+--------+--------+--------+-----+--------+
         Total |   4243 |   4072 |    171 |    293 |   2893 |   6 |  707.2 |
       Dungeon |   3992 |   3887 |    105 |    293 |   2724 |   5 |  798.4 |
        Temple |    251 |    185 |     66 |      0 |    169 |   1 |  251.0 |
               +--------+--------+--------+--------+--------+-----+--------+

Top non-repeatable levels by time:
     D:3: 998 daAuts
     D:4: 951 daAuts
     D:2: 828 daAuts
     D:1: 791 daAuts
     D:5: 421 daAuts
  Temple: 251 daAuts
